 Dungeon Crawl Stone Soup version 0.21.1-1-g345015f (webtiles) character file.

220820 shakethe the Basher (level 19, -2/100 HPs)
             Began as a Vine Stalker Fighter on Feb 22, 2018.
             Was the Champion of Okawaru.
             Killed from afar by a nagaraja (4 damage)
             ... with a splash of poison
             ... on level 4 of the Snake Pit.
             The game lasted 02:11:33 (31941 turns).

shakethe the Basher (Vine Stalker Fighter)         Turns: 31941, Time: 02:11:34

Health: -2/100     AC: 22    Str: 22    XL:     19   Next: 18%
Magic:  0/33       EV: 19    Int: 22    God:    Okawaru [******]
Gold:   1848       SH: 19    Dex: 21    Spells: 19/36 levels left

rFire    + . .     SeeInvis +   c - +8 demon whip "Isosus" {vamp, rElec rF+ Dex+3}
rCold    . . .     Gourm    .   K - +4 shield of Joy {MR+++ Int+4 Slay+3}
rNeg     . . .     Faith    .   t - +1 scale mail of Hide-and-Seek {*Drain Dex+5 Slay+2 SInv}
rPois    +         Spirit   +   Y - +0 helmet
rElec    +         Reflect  .   L - +2 cloak {rPois}
rCorr    .         Harm     .   p - +1 pair of gloves
MR       +++++                  h - +2 pair of boots {Fly}
Stlth    ++........             E - amulet of magic regeneration
HPRegen  2.06/turn              v - +4 ring of intelligence
MPRegen  0.48/turn              w - ring of wizardry {Wiz+, !d}

@: lethally poisoned (-2 -> -2), heroism, regenerating, constricted, invisible
A: fangs 3, regeneration 2, magic shield, antimagic bite, no potion heal 3, rot
immunity
}: 1/15 runes: decaying
a: Heroism, Finesse, Renounce Religion, Evoke Flight


You were on level 4 of the Snake Pit.
You worshipped Okawaru.
Okawaru was exalted by your worship.
You were not hungry.

You visited 6 branches of the dungeon, and saw 32 of its levels.

You collected 3559 gold pieces.
You spent 1711 gold pieces at shops.

Inventory:

Hand Weapons
 c - the +8 demon whip "Isosus" (weapon) {vamp, rElec rF+ Dex+3}
   (You bought it in a shop on level 9 of the Dungeon)

   It inflicts no extra harm, but heals its wielder when it wounds a living foe.
   It affects your dexterity (+3).
   It protects you from fire.
   It insulates you from electricity.
Missiles
 V - 3 throwing nets {=f, !d}
Armour
 h - a +2 pair of boots of flying (worn)
   (Okawaru gifted it to you on level 1 of the Snake Pit)
 p - a +1 pair of gloves (worn)
   (You found it on level 2 of the Dungeon)
 t - the +1 scale mail of Hide-and-Seek (worn) {*Drain Dex+5 Slay+2 SInv}
   (Okawaru gifted it to you on level 15 of the Dungeon)

   It affects your dexterity (+5).
   It affects your accuracy and damage with ranged weapons and melee attacks
   (+2).
   It lets you see invisible.
   It causes draining when unequipped.
 J - the -1 helmet "Leikk" {rN++ MP+9 Str-4}
   (Okawaru gifted it to you on level 2 of the Snake Pit)

   It affects your strength (-4).
   It greatly protects you from negative energy.
   It affects your magic capacity (+9).
 K - the +4 shield of Joy (worn) {MR+++ Int+4 Slay+3}
   (You found it on level 6 of the Lair of Beasts)

   It affects your intelligence (+4).
   It affects your accuracy and damage with ranged weapons and melee attacks
   (+3).
   It affects your resistance to hostile enchantments.
 L - a +2 cloak of poison resistance (worn)
   (Okawaru gifted it to you on level 10 of the Dungeon)
 Y - a +0 helmet (worn)
   (You found it on level 9 of the Dungeon)
Jewellery
 v - a +4 ring of intelligence (left hand)
   (You found it on level 3 of the Swamp)
 w - a ring of wizardry (right hand) {Wiz+, !d}
   (You found it on level 10 of the Dungeon)
 E - an amulet of magic regeneration (around neck)
   (You found it on level 8 of the Dungeon)
Wands
 s - a wand of clouds (6)
   (You took it off a salamander on level 3 of the Snake Pit)
 u - a wand of polymorph (25)
   (You found it on level 4 of the Dungeon)
 y - a wand of paralysis (67)
   (You found it on level 6 of the Dungeon)
 T - a wand of digging (11)
   (You found it on level 5 of the Lair of Beasts)
 W - a wand of enslavement (15)
   (You found it on level 13 of the Dungeon)
 Z - a wand of disintegration (34)
   (You found it on level 1 of the Lair of Beasts)
Scrolls
 b - a scroll of acquirement
 e - 4 scrolls of vulnerability {!r!r}
 i - 7 scrolls of teleportation
 j - a scroll of enchant armour
 n - 23 scrolls of remove curse
 o - 4 scrolls of identify
 q - a scroll of fog
 x - 2 scrolls of summoning
 z - 3 scrolls of magic mapping {!r}
 G - 5 scrolls of immolation {!r}
 N - 7 scrolls of enchant weapon
 P - 3 scrolls of holy word {!r}
 R - 5 scrolls of amnesia
 S - 3 scrolls of silence
 X - a scroll of brand weapon
Potions
 a - 2 potions of invisibility
 d - 2 potions of might
 g - 2 potions of flight
 k - 2 potions of mutation {!q}
 m - 10 potions of curing
 r - 2 potions of agility
 A - 4 potions of lignification {!q}
 B - a potion of brilliance
 D - a potion of berserk rage {!q}
 F - 4 potions of haste
 H - 3 potions of magic
 I - a potion of resistance
 Q - a potion of ambrosia
Miscellaneous
 l - a sack of spiders
 C - a lamp of fire
   (You found it on level 3 of the Swamp)
 M - a box of beasts
 O - a crystal ball of energy
   (You found it on level 6 of the Lair of Beasts)
Comestibles
 f - 29 rations


   Skills:
 + Level 11.1(16.1) Fighting
   Level 8.0(13.0) Short Blades
 - Level 12.0(17.0) Maces & Flails
 + Level 10.3(15.3) Armour
 + Level 9.8(14.8) Dodging
 + Level 11.1(16.1) Shields
 + Level 9.1 Spellcasting
 - Level 5.9 Charms
 - Level 11.9 Necromancy
 - Level 2.9 Translocations
 - Level 9.8 Earth Magic
 - Level 8.4 Invocations
 - Level 3.5 Evocations


You had 19 spell levels left.
You knew the following spells:

 Your Spells              Type           Power        Failure   Level  Hunger
a - Shroud of Golubria    Chrm/Tloc      ####......   1%          2    None
b - Borgnjor's Vile Clut  Necr/Erth      ######....   1%          5    ####...
c - Blink                 Tloc           N/A          2%          2    None
r - Regeneration          Chrm/Necr      #####.....   1%          3    None
z - Lee's Rapid Deconstr  Erth           ######....   2%          5    ####...


Dungeon Overview and Level Annotations

Branches:
Dungeon (15/15)            Temple (1/1) D:6            Lair (6/6) D:8
  Swamp (4/4) Lair:4        Snake (4/4) Lair:2        Slime (0/5) Lair:5
    Orc (2/2) D:12            Elf (0/3) Orc:2        Vaults (0/5) D:14
 Depths (0/5) D:15

Altars:
Ashenzari
Cheibriados
Dithmenos
Elyvilon
Fedhas
Gozag
Hepliaklqana
Kikubaaqudgha
Makhleb
Nemelex Xobeh
Okawaru
Qazlal
Ru
Sif Muna
Trog
Uskayaw
Vehumet
Wu Jian
Xom
Yredelemnul
Zin
The Shining One
Beogh

Shops:
D:6 *   D:7 :   D:9 (   D:11 (   Orc:2 !%[%   Snake:1 %

Annotations:
D:13 4 runed doors
Lair:6 exclusion: 3 oklob plants


Innate Abilities, Weirdness & Mutations

You have razor-sharp teeth.
You heal very quickly.
When hurt, damage is shared between your health and your magic reserves.
Your bite disrupts and absorbs the magic of your enemies.
Potions cannot restore your health.
You are immune to rotting.


Message History

The zombie hands constrict the shock serpent.
The zombie hands constrict the nagaraja!
The zombie hands constrict the naga warrior!!
You block the nagaraja's attack.
The nagaraja struggles to escape constriction.
You block the anaconda's attack. The anaconda constricts you.
The shock serpent misses you. You block the nagaraja's attack.
A naga opens the door.
You block the anaconda's attack. The anaconda constricts you.
You now have 6/33 mp.
You closely miss the anaconda. Your bite misses the anaconda.
The zombie hands constrict the nagaraja!
The zombie hands constrict the shock serpent!
You kill the shock serpent!
Okawaru accepts your kill.
The zombie hands constrict the nagaraja!
The zombie hands constrict the naga warrior!
The air sparks with electricity, shocking you!
The naga warrior escapes!
The nagaraja struggles to escape constriction.
The nagaraja hits you but does no damage.
You take 5 damage, and have 40/100 hp.
You thrash the naga warrior!!
The zombie hands constrict the nagaraja! x2
You hear a shout!
You block the anaconda's attack. The anaconda constricts you.
You take 1 damage, and have 39/100 hp.
You now have 6/33 mp.
You thrash the naga warrior!!
You feel better.
You kill the naga warrior!
Okawaru accepts your kill.
The zombie hands constrict the nagaraja!
The zombie hands constrict the nagaraja.
The zombie hands release their grip on the nagaraja.
You block the anaconda's attack. The anaconda constricts you.
The nagaraja escapes!
The nagaraja hits you but does no damage.
The naga warrior spits poison at you. The splash of poison hits you!
You are poisoned.
You resist.
You regained 4 hp, and now have 43/100 hp.
Aim: a naga warrior, wielding a battleaxe (catching its breath) Decaying hands burst forth from the earth!
Zombie hands grab the naga warrior.
Zombie hands grab the naga.
Zombie hands grab the nagaraja. x2; Zombie hands grab the naga.
Zombie hands grab the naga ritualist.
The zombie hands constrict the naga!
The zombie hands constrict the nagaraja!
The zombie hands constrict the naga ritualist!
The zombie hands constrict the naga, but do no damage.
The zombie hands constrict the naga warrior!
The zombie hands constrict the nagaraja.
You feel sick. The anaconda closely misses you. The anaconda constricts you.
You block the nagaraja's attack.
The naga ritualist escapes!
The nagaraja gestures at you while chanting.
The poison arrow hits you!
You are more poisoned.
You partially resist.
* * * LOW HITPOINT WARNING * * *
You block the anaconda's attack.
* * * LOW HITPOINT WARNING * * *
The anaconda constricts you. The naga warrior spits poison at you.
The splash of poison misses you.
The nagaraja hits you but does no damage.
You hear a shout!
You take 24 damage, and have 19/100 hp.
MASSIVE DAMAGE!!
You now have 1/33 mp.
The anaconda's grasp on you weakens, but your attempt to escape fails.
The zombie hands constrict the naga!
The zombie hands constrict the nagaraja!
You kill the nagaraja!
Okawaru accepts your kill.
The zombie hands constrict the naga!
The zombie hands constrict the naga warrior.
The zombie hands constrict the nagaraja!
You feel sick.
You hear a shout!
The anaconda closely misses you. The anaconda constricts you.
The naga struggles to escape constriction. x2
The nagaraja hits you from afar with a spear!!
* * * LOW HITPOINT WARNING * * *
Your shroud falls apart!
The anaconda misses you. The anaconda constricts you.
The naga warrior struggles to escape constriction.
You take 16 damage, and have 3/100 hp.
You now have 0/33 mp.
You fade into invisibility!
The zombie hands constrict the naga!
You kill the naga!
Okawaru accepts your kill.
The zombie hands constrict the naga!
The zombie hands constrict the naga warrior!!
The zombie hands constrict the nagaraja!
You feel sick. You block the anaconda's attack.
* * * LOW HITPOINT WARNING * * *
The anaconda constricts you. The nagaraja spits poison at you.
The splash of poison hits you! You resist.
You die... ##.≈≈≈.## # #.......### .. ......... .#. ....... ... .N)N. ..
NNN

##'#)## # ###.NS@.###
###### ##
##...≈≈≈...####....# ##.
#.#..≈≈≈..#.##.....###).
#.#..≈≈≈).#.#..#......).
#.#..≈≈≈..#.#..#..####..
##...≈≈≈...##..##.# ##.
########
###.).†.###...##.## #.
#......# ##')'##
#...##..####. ##......#
#..[(†####.......##..


You could see a naga warrior, a nagaraja, an anaconda, a naga ritualist and 3
nagas.

Vanquished Creatures
  Vashnia (Snake:2)
  Bai Suzhen (Snake:3)
  The ghost of ZomBoFoB the Basher, an adept OgGl of the Shining One (Snake:1)
  5 thorn hunters
  Frances (D:14)
  8 nagarajas
  An orc warlord (Orc:2)
  The ghost of KMICIC the Severer, a journeyman MiBe of Trog (Orc:2)
  Aizul (Swamp:1)
  Louise (Snake:1)
  Nessos (D:14)
  6 ogre magi
  A yaktaur captain (D:15)
  A catoblepas (D:15)
  8 naga warriors
  Fannar (D:10)
  4 centaur warriors
  21 hydras
  2 vault guards (D:14)
  13 anacondas
  5 alligators
  Erica (D:8)
  2 death knights
  31 two-headed ogres
  3 death yaks (Lair:2)
  2 orc high priests (Orc:2)
  7 shock serpents
  A tengu warrior (D:14)
  11 naga sharpshooters
  The ghost of anotherperson the Basher, a novice GrFi of Qazlal (D:8)
  Nergalle (Lair:2)
  2 salamander mystics
  2 skeletal warriors
  An unseen horror (D:10)
  2 sea snakes (Snake:4)
  A spriggan druid (Swamp:4)
  6 naga ritualists
  12 swamp dragons
  2 shambling mangroves (Swamp:3)
  3 deep elf magi
  2 oklob plants (Swamp:3)
  4 necromancers (D:14)
  A phantasmal warrior (D:13)
  2 orc knights
  A mana viper (shapeshifter) (D:15)
  6 mana vipers
  3 orc sorcerers
  A manticore (D:11)
  4 ugly things (D:15)
  2 cyclopes
  6 elephants
  11 salamanders
  5 guardian serpents
  38 black mambas
  14 naga magi
  Psyche (D:8)
  5 gargoyles
  10 spiny frogs
  2 torpor snails
  5 rime drakes
  5 kobold demonologists
  2 freezing wraiths
  5 komodo dragons
  2 yaktaurs (D:15)
  6 trolls
  5 polar bears (Lair:6)
  A tengu conjurer (D:14)
  5 tyrant leeches
  9 hornets
  23 slime creatures
  13 hippogriffs
  5 bog bodies
  12 blink frogs
  A meliai zombie (D:10)
  11 dream sheep
  A centaur simulacrum (D:14)
  13 spriggans (Lair:6)
  19 yaks
  6 basilisks
  4 wraiths
  A hog (shapeshifter) (D:11)
  17 humans (D:14)
  5 wyverns
  11 vampire mosquitoes
  5 wargs
  A hungry ghost (D:12)
  3 insubstantial wisps (Swamp:2)
  39 nagas
  29 swamp worms
  An acid dragon (D:14)
  11 porcupines
  11 water moccasins
  26 orc warriors
  9 black bears
  15 swamp drakes
  An eye of draining (D:14)
  3 sky beasts
  A sky beast (shapeshifter) (D:14)
  7 ice beasts
  12 necrophages
  4 boggarts (Lair:6)
  21 wolves (Lair:6)
  29 ogres
  11 centaurs
  15 crocodiles
  4 big kobolds
  23 bullfrogs
  A gnoll sergeant (D:11)
  A wyvern zombie (D:9)
  2 scorpions
  2 vampire bats (D:9)
  6 wights
  9 howler monkeys
  2 electric eels
  11 crimson imps
  2 centaur zombies
  6 hounds
  5 jellies
  17 orc wizards
  2 bullfrog zombies (D:6)
  7 human zombies (D:12)
  16 orc priests
  A gnoll shaman (D:4)
  4 bullfrog skeletons
  2 human skeletons (D:12)
  10 iguanas
  9 worker ants
  A hound zombie (D:6)
  A mummy (D:12)
  2 hound skeletons
  5 adders
  A howler monkey skeleton (D:6)
  7 gnolls
  3 shadow imps
  6 oozes
  17 worms
  3 dart slugs (D:1)
  7 leopard geckos
  104 orcs
  4 giant cockroaches
  7 goblins
  9 hobgoblins
  11 jackals
  4 quokkas
  2 ball pythons
  15 bats
  A frilled lizard (D:2)
  A giant cockroach zombie (D:6)
  31 kobolds
  2 leopard gecko skeletons
  A quokka skeleton (D:5)
  13 rats
  A fungus (D:8)
  A plant (D:8)
1136 creatures vanquished.

Vanquished Creatures (others)
  A naga (Snake:2)
  An orc wizard (D:11)
  An orc (D:12)
  11 briar patches (Swamp:3)
  52 fungi
  19 plants
85 creatures vanquished.

Grand Total: 1221 creatures vanquished

Notes
Turn   | Place    | Note
-------+----------+-------------------------------------------
     0 | D:1      | shakethe the Vine Stalker Fighter began the quest for the Orb.
     0 | D:1      | Reached XP level 1. HP: 11/11 MP: 2/2
    32 | D:1      | Reached XP level 2. HP: 13/16 MP: 1/3
    39 | D:1      | Reached skill level 2 in Short Blades
   272 | D:1      | Reached XP level 3. HP: 17/19 MP: 4/4
   306 | D:1      | Reached skill level 3 in Shields
   323 | D:1      | Reached skill level 3 in Fighting
   404 | D:1      | Reached skill level 1 in Dodging
   682 | D:2      | Gained mutation: Your natural rate of healing is unusually fast. [Vine Stalker growth]
   682 | D:2      | Reached XP level 4. HP: 22/24 MP: 5/5
  1027 | D:3      | Found a deep blue altar of Sif Muna.
  1046 | D:3      | Reached skill level 3 in Armour
  1046 | D:3      | Reached XP level 5. HP: 28/28 MP: 6/6
  1185 | D:3      | HP: 7/28 [orc priest/divine providence (6)]
  1410 | D:3      | Found a sacrificial altar of Ru.
  1412 | D:3      | Found a shimmering altar of Xom.
  1412 | D:3      | Found a shimmering altar of Xom.
  1415 | D:3      | Found a sparkling altar of Nemelex Xobeh.
  1415 | D:3      | Found a shattered altar of Ashenzari.
  1415 | D:3      | Found a shadowy altar of Dithmenos.
  1837 | D:4      | Reached XP level 6. HP: 32/32 MP: 7/7
  1843 | D:4      | Reached skill level 3 in Short Blades
  2001 | D:4      | Reached skill level 2 in Dodging
  2049 | D:4      | Got a faintly glowing ring mail
  2072 | D:4      | Identified the cursed +1 ring mail of the Harvest {MR++} (You found it on level 4 of the Dungeon)
  2250 | D:5      | Entered Level 5 of the Dungeon
  2250 | D:5      | Noticed an ice beast
  2270 | D:5      | Killed an ice beast
  2270 | D:5      | Reached XP level 7. HP: 33/37 MP: 8/8
  2286 | D:5      | Reached skill level 4 in Fighting
  2286 | D:5      | Reached skill level 4 in Shields
  2318 | D:5      | HP: 5/37 [centaur/arrow (9)]
  2934 | D:5      | Reached skill level 4 in Armour
  2934 | D:5      | Gained mutation: You have razor-sharp teeth. [Vine Stalker growth]
  2934 | D:5      | Reached XP level 8. HP: 28/42 MP: 9/9
  2956 | D:5      | Reached skill level 3 in Dodging
  3049 | D:6      | Reached skill level 4 in Short Blades
  3321 | D:6      | Found Gonoronlu's Assorted Antiques.
  3530 | D:6      | Found a staircase to the Ecumenical Temple.
  3542 | Temple   | Entered the Ecumenical Temple
  3803 | D:7      | Found an iron altar of Okawaru.
  3825 | D:7      | Became a worshipper of Warmaster Okawaru
  3981 | D:6      | Reached skill level 1 in Evocations
  4117 | D:7      | Reached skill level 5 in Fighting
  4123 | D:7      | Learned a level 3 spell: Regeneration
  4207 | D:7      | Reached skill level 5 in Shields
  4409 | D:7      | Reached skill level 1 in Charms
  4409 | D:7      | Reached skill level 1 in Necromancy
  4409 | D:7      | Reached XP level 9. HP: 45/47 MP: 11/11
  4464 | D:7      | Found Qigeg's Book Emporium.
  4546 | D:7      | Found a burning altar of Makhleb.
  4949 | D:8      | Reached skill level 2 in Evocations
  4963 | D:8      | Found a blossoming altar of Fedhas.
  5006 | D:8      | Reached * piety under Okawaru
  5089 | D:8      | Noticed anotherperson's ghost (novice GrFi)
  5148 | D:8      | Noticed Erica
  5219 | D:8      | Noticed Psyche
  5232 | D:8      | Reached skill level 4 in Dodging
  5279 | D:8      | Reached skill level 5 in Short Blades
  5319 | D:8      | Reached skill level 5 in Armour
  5319 | D:8      | Reached skill level 2 in Charms
  5319 | D:8      | Reached skill level 2 in Necromancy
  5478 | D:8      | Reached ** piety under Okawaru
  5508 | D:8      | Found a staircase to the Lair.
  5520 | D:8      | Reached skill level 3 in Evocations
  5665 | D:8      | Killed anotherperson's ghost
  5665 | D:8      | Reached *** piety under Okawaru
  5665 | D:8      | Reached skill level 3 in Charms
  5665 | D:8      | Reached skill level 3 in Necromancy
  5665 | D:8      | Reached XP level 10. HP: 35/53 MP: 7/13
  5755 | D:8      | Killed Psyche
  5755 | D:8      | Reached skill level 6 in Fighting
  5780 | D:8      | Got a pitted leather armour
  5864 | D:8      | Reached skill level 6 in Shields
  6308 | D:9      | Found Ajaodinif's Weapon Boutique.
  6359 | D:9      | Reached skill level 1 in Invocations
  6368 | D:9      | Reached **** piety under Okawaru
  6497 | D:9      | Reached skill level 5 in Dodging
  6619 | D:8      | Reached skill level 6 in Short Blades
  6619 | D:8      | Reached skill level 4 in Charms
  6840 | D:9      | Reached skill level 4 in Necromancy
  6999 | D:9      | Found a white marble altar of Elyvilon.
  7285 | D:9      | Noticed a two-headed ogre
  7296 | D:9      | Killed a two-headed ogre
  7296 | D:9      | Reached skill level 2 in Invocations
  7296 | D:9      | Reached XP level 11. HP: 42/58 MP: 14/14
  7388 | D:9      | Noticed a two-headed ogre
  7402 | D:9      | Killed a two-headed ogre
  7402 | D:9      | Reached skill level 6 in Armour
  7635 | D:10     | Entered Level 10 of the Dungeon
  7638 | D:10     | Found a sacrificial altar of Ru.
  8102 | D:10     | Noticed Fannar
  8175 | D:10     | Killed Fannar
  8175 | D:10     | Reached skill level 3 in Invocations
  8304 | D:10     | Noticed a two-headed ogre
  8313 | D:10     | Killed a two-headed ogre
  8313 | D:10     | Reached ***** piety under Okawaru
  8386 | D:10     | Received a gift from Okawaru
  8469 | D:10     | Reached skill level 5 in Necromancy
  8610 | D:10     | Killed an unseen horror
  8610 | D:10     | Reached skill level 5 in Charms
  8870 | D:11     | Reached skill level 7 in Fighting
  9099 | D:11     | Reached skill level 7 in Shields
  9286 | D:11     | Found Waenut's Antique Weapon Boutique.
  9400 | D:11     | Noticed a manticore
  9418 | D:11     | Noticed a two-headed ogre
  9576 | D:11     | Killed a manticore
  9590 | D:11     | Killed a two-headed ogre
  9590 | D:11     | Reached skill level 7 in Short Blades
  9590 | D:11     | Reached skill level 4 in Invocations
  9590 | D:11     | Gained mutation: You heal very quickly. [Vine Stalker growth]
  9590 | D:11     | Reached XP level 12. HP: 53/63 MP: 14/16
  9696 | D:11     | Reached skill level 6 in Dodging
 10602 | D:12     | Found a staircase to the Orcish Mines.
 10695 | D:12     | Reached skill level 6 in Necromancy
 11114 | D:12     | Received a gift from Okawaru
 11114 | D:12     | Reached skill level 1 in Spellcasting
 11343 | D:12     | Reached skill level 7 in Armour
 11497 | D:12     | Reached skill level 5 in Invocations
 11517 | D:12     | Found an ancient bone altar of Kikubaaqudgha.
 11796 | D:13     | Got an ancient helmet
 11924 | D:13     | Found a huge runed gate.
 11925 | D:13     | Found a huge runed gate.
 11926 | D:13     | Found a huge runed gate.
 11988 | D:13     | Found a huge runed gate.
 12356 | D:14     | Noticed a death knight
 12480 | D:12     | Identified the +2 helmet of Tempters {*Corrode rF+ rC+ Int+4} (You found it on level 13 of the Dungeon)
 12600 | Lair:1   | Entered Level 1 of the Lair of Beasts
 12639 | Lair:1   | Reached skill level 2 in Spellcasting
 13318 | Lair:2   | Noticed Nergalle
 13370 | Lair:2   | Killed Nergalle
 13370 | Lair:2   | Reached skill level 8 in Shields
 13405 | Lair:2   | Found a staircase to the Snake Pit.
 13445 | Lair:2   | Reached XP level 13. HP: 27/68 MP: 8/18
 13459 | Lair:2   | Reached skill level 8 in Fighting
 13617 | D:8      | Learned a level 2 spell: Shroud of Golubria
 13623 | D:8      | Learned a level 5 spell: Borgnjor's Vile Clutch
 13649 | D:8      | Killed Erica
 13776 | Lair:2   | Reached skill level 3 in Spellcasting
 14055 | Lair:2   | Reached skill level 8 in Short Blades
 14082 | Lair:2   | Reached skill level 7 in Necromancy
 14528 | Lair:3   | Received a gift from Okawaru
 14565 | Lair:3   | Got a scorched flail {god gift}
 14566 | Lair:3   | Identified the +1 flail of Evil {crush, Fragile rF+ Str+4 Int+4} (Okawaru gifted it to you on level 3 of the Lair of Beasts)
 14576 | Lair:3   | Reached skill level 7 in Dodging
 14716 | Lair:3   | Reached skill level 6 in Invocations
 14845 | Lair:2   | Reached skill level 1 in Maces & Flails
 15058 | Lair:3   | Received a gift from Okawaru
 15065 | Lair:3   | Got a jewelled large shield {god gift}
 15086 | Lair:3   | Identified the +0 large shield of Cirru {MR+ Stlth+} (Okawaru gifted it to you on level 3 of the Lair of Beasts)
 15415 | Lair:3   | Reached skill level 1 in Earth Magic
 15424 | Lair:3   | Reached skill level 4 in Spellcasting
 15954 | Lair:4   | Reached skill level 2 in Maces & Flails
 16283 | Lair:4   | Reached skill level 2 in Earth Magic
 16283 | Lair:4   | Reached XP level 14. HP: 69/74 MP: 19/21
 16331 | Lair:4   | Reached skill level 8 in Armour
 16403 | Lair:4   | Found a staircase to the Swamp.
 16741 | Lair:5   | Found a staircase to the Slime Pits.
 16951 | Lair:5   | HP: 14/74 [eight-headed hydra (5)]
 17801 | Lair:6   | Entered Level 6 of the Lair of Beasts
 17852 | Lair:6   | Reached skill level 3 in Maces & Flails
 17903 | Lair:6   | Reached skill level 8 in Necromancy
 17903 | Lair:6   | Reached skill level 3 in Earth Magic
 18016 | Lair:6   | Reached skill level 4 in Maces & Flails
 18077 | Lair:6   | Received a gift from Okawaru
 18103 | Lair:6   | Paralysed by a hornet for 3 turns
 18212 | Lair:6   | Reached skill level 4 in Earth Magic
 18269 | Lair:6   | Reached skill level 5 in Maces & Flails
 18447 | Lair:6   | Got an ichor-stained shield
 18459 | Lair:6   | Identified the +4 shield of Joy {MR+++ Int+4 Slay+3} (You found it on level 6 of the Lair of Beasts)
 18821 | Lair:6   | Reached skill level 6 in Maces & Flails
 18885 | Lair:6   | Reached ****** piety under Okawaru
 18928 | Lair:6   | Reached skill level 5 in Earth Magic
 19331 | Lair:6   | Reached skill level 9 in Necromancy
 19585 | D:9      | Bought the +8 demon whip "Isosus" {vamp, rElec rF+ Dex+3} for 1411 gold pieces
 19951 | D:14     | Noticed Nessos
 19966 | D:14     | Killed Nessos
 19966 | D:14     | Reached skill level 7 in Maces & Flails
 19966 | D:14     | Reached XP level 15. HP: 77/78 MP: 23/23
 20112 | D:14     | Noticed Frances
 20168 | D:14     | Killed Frances
 20168 | D:14     | Reached skill level 6 in Earth Magic
 20265 | D:14     | Reached skill level 8 in Maces & Flails
 20316 | D:14     | Found a gate to the Vaults.
 20343 | D:14     | Received a gift from Okawaru
 20867 | D:14     | Reached skill level 10 in Necromancy
 21074 | D:15     | Entered Level 15 of the Dungeon
 21118 | D:15     | Reached skill level 9 in Maces & Flails
 21118 | D:15     | Reached skill level 7 in Earth Magic
 21557 | D:15     | Found a staircase to the Depths.
 21562 | D:15     | Received a gift from Okawaru
 21565 | D:15     | Identified the +1 scale mail of Hide-and-Seek {*Drain Dex+5 Slay+2 SInv} (Okawaru gifted it to you on level 15 of the Dungeon)
 21769 | D:15     | Reached skill level 10 in Maces & Flails
 22143 | Orc:1    | Entered Level 1 of the Orcish Mines
 22370 | Orc:1    | Reached skill level 8 in Earth Magic
 22375 | Orc:1    | Reached XP level 16. HP: 71/83 MP: 24/24
 22495 | Orc:2    | Entered Level 2 of the Orcish Mines
 22547 | Orc:2    | Found a roughly hewn altar of Beogh.
 22674 | Orc:2    | Noticed KMICIC's ghost (journeyman MiBe)
 22706 | Orc:2    | Killed KMICIC's ghost
 22707 | Orc:2    | Found a staircase to the Elven Halls.
 22713 | Orc:2    | Reached skill level 11 in Necromancy
 23003 | Orc:2    | Found a roughly hewn altar of Beogh.
 23090 | Orc:2    | Reached skill level 11 in Maces & Flails
 23141 | Orc:2    | Reached skill level 9 in Earth Magic
 23156 | Orc:2    | Received a gift from Okawaru
 23196 | Orc:2    | Found Zaes Dih's Food Boutique.
 23196 | Orc:2    | Found Poijaguj's Food Shoppe.
 23200 | Orc:2    | Found Purohuvu's Antique Armour Shoppe.
 23200 | Orc:2    | Found Jezxowk's Distillery.
 23798 | Swamp:1  | Entered Level 1 of the Swamp
 23812 | Swamp:1  | Noticed Aizul
 23828 | Swamp:1  | Killed Aizul
 24587 | Swamp:2  | Received a gift from Okawaru
 24587 | Swamp:2  | Reached skill level 12 in Maces & Flails
 25183 | Swamp:3  | Reached skill level 5 in Spellcasting
 25432 | Swamp:3  | Noticed a thorn hunter
 25456 | Swamp:3  | Killed a thorn hunter
 25456 | Swamp:3  | Reached skill level 9 in Fighting
 25456 | Swamp:3  | Reached skill level 9 in Shields
 25456 | Swamp:3  | Reached skill level 7 in Invocations
 25456 | Swamp:3  | Reached XP level 17. HP: 62/87 MP: 20/25
 25515 | Swamp:3  | HP: 10/87 [thorn hunter/volley of thorns (23)]
 25636 | Swamp:3  | Received a gift from Okawaru
 25639 | Swamp:3  | Got a pair of twisted gloves {god gift}
 25640 | Swamp:3  | Identified the -1 pair of gloves of Zeup Moa {rCorr} (Okawaru gifted it to you on level 3 of the Swamp)
 26256 | Swamp:4  | Entered Level 4 of the Swamp
 26287 | Swamp:4  | Identified a scroll of acquirement
 26359 | Swamp:4  | Reached skill level 8 in Dodging
 26387 | Swamp:4  | HP: 21/88 [eight-headed hydra (11)]
 26389 | Swamp:4  | HP: 8/88 [eight-headed hydra (4)]
 26394 | Swamp:4  | HP: 9/88 [poisoned by a swamp dragon (blast of poison)]
 26400 | Swamp:4  | HP: 12/88 [poisoned by a swamp dragon (blast of poison)]
 26405 | Swamp:3  | HP: 14/88 [poisoned by a swamp dragon (blast of poison)]
 26413 | Swamp:3  | HP: 21/88 [poisoned by a swamp dragon (blast of poison)]
 26659 | D:7      | Bought a book of Minor Magic for 300 gold pieces
 26710 | D:8      | Learned a level 2 spell: Blink
 26716 | D:8      | Learned a level 5 spell: Lee's Rapid Deconstruction
 26979 | Swamp:4  | Reached skill level 6 in Spellcasting
 27587 | Swamp:4  | Reached skill level 1 in Translocations
 27697 | Swamp:4  | Got a decaying rune of Zot
 28087 | Snake:1  | Entered Level 1 of the Snake Pit
 28104 | Snake:1  | Received a gift from Okawaru
 28104 | Snake:1  | Reached skill level 8 in Invocations
 28173 | Snake:1  | Reached skill level 2 in Translocations
 28245 | Snake:1  | Reached skill level 9 in Armour
 28597 | Snake:1  | Reached XP level 18. HP: 79/93 MP: 23/29
 28662 | Snake:1  | Found Jiuch's Food Emporium.
 28671 | Snake:1  | Reached skill level 7 in Spellcasting
 28683 | Snake:1  | Noticed ZomBoFoB's ghost (adept OgGl)
 28722 | Snake:1  | Killed ZomBoFoB's ghost
 28722 | Snake:1  | Reached skill level 10 in Fighting
 28722 | Snake:1  | Reached skill level 10 in Shields
 28744 | Snake:1  | Noticed Louise
 28750 | Snake:1  | Killed Louise
 29481 | Snake:2  | Received a gift from Okawaru
 29509 | Snake:2  | Got a twisted helmet {god gift}
 29510 | Snake:2  | Identified the -1 helmet "Leikk" {rN++ MP+9 Str-4} (Okawaru gifted it to you on level 2 of the Snake Pit)
 29527 | Snake:2  | Noticed Vashnia
 29541 | Snake:2  | Reached skill level 9 in Dodging
 29553 | Snake:2  | Killed Vashnia
 29943 | Snake:3  | Found an iron altar of Okawaru.
 29950 | Snake:3  | Noticed Bai Suzhen
 29978 | Snake:3  | Killed Bai Suzhen
 29978 | Snake:3  | Reached skill level 8 in Spellcasting
 30959 | Snake:4  | Entered Level 4 of the Snake Pit
 31149 | Snake:4  | Reached skill level 10 in Armour
 31294 | Snake:4  | Received a gift from Okawaru
 31297 | Snake:4  | Identified the -2 pair of boots "Vuojeuqy" {MR+ SInv} (Okawaru gifted it to you on level 4 of the Snake Pit)
 31828 | Snake:4  | Reached XP level 19. HP: 97/99 MP: 30/32
 31842 | Snake:4  | Reached skill level 11 in Fighting
 31853 | Snake:4  | Reached skill level 11 in Shields
 31858 | Snake:4  | Reached skill level 9 in Spellcasting
 31939 | Snake:4  | HP: 22/100 [nagaraja/poison arrow (22)]
 31940 | Snake:4  | HP: 3/100 [nagaraja/spear (17)]
 31941 | Snake:4  | Killed from afar by a nagaraja

Skill      XL: |  1  2  3  4  5  6  7  8  9 10 11 12 13 14 15 16 17 18 19 |
---------------+----------------------------------------------------------+-----
Short Blades   | 2 3 4 5 6 7 8 |  8.0
Shields        | 3 4 5 6 7 8 9 10 11 | 11.1
Fighting       | 3 4 5 6 7 8 9 10 11 | 11.1
Dodging        | 1 2 3 4 5 6 7 8 9 |  9.8
Armour         | 3 4 5 6 7 8 9 10 | 10.3
Evocations     | 1 3 |  3.5
Charms         | 1 3 4 5 |  5.9
Necromancy     | 1 3 4 5 6 7 9 10 11 | 11.9
Invocations    | 2 4 5 6 7 8 |  8.4
Spellcasting   | 2 4 5 6 8 9 |  9.1
Maces & Flails | 2 7 10 12 | 12.0
Earth Magic    | 2 5 8 9 |  9.8
Translocations | 2 |  2.9

Action                   |  1- 3 |  4- 6 |  7- 9 | 10-12 | 13-15 | 16-18 | 19-21 || total
-------------------------+-------+-------+-------+-------+-------+-------+-------++-------
Melee: Rapier            |   106 |   211 |   475 |  1421 |   207 |       |       ||  2420
       Bite              |    29 |    62 |   166 |   519 |   666 |   700 |    10 ||  2152
       Flail             |       |       |       |       |   927 |       |       ||   927
       Demon whip        |       |       |       |       |   480 |  1432 |    27 ||  1939
 Cast: Regeneration      |       |       |       |     7 |    37 |    10 |     2 ||    56
       Shroud of Golubri |       |       |       |       |    14 |     5 |     2 ||    21
       Borgnjor's Vile C |       |       |       |       |       |    23 |     6 ||    29
       Lee's Rapid Decon |       |       |       |       |       |     5 |       ||     5
       Blink             |       |       |       |       |       |     1 |       ||     1
Invok: Heroism           |       |       |     4 |    23 |    26 |    10 |     2 ||    65
       Finesse           |       |       |       |       |       |     2 |     1 ||     3
 Abil: Stop Flying       |       |       |       |       |       |     1 |       ||     1
Evoke: Wand              |       |       |       |       |     9 |       |       ||     9
  Use: Scroll            |       |     3 |       |    18 |    17 |    15 |       ||    53
       Potion            |       |       |       |       |     1 |     1 |     1 ||     3
 Stab: Paralysed         |       |       |       |       |     9 |       |       ||     9
  Eat: Chunk             |       |     5 |     8 |    23 |    29 |     8 |       ||    73
       Ration            |       |       |     1 |     3 |     3 |     9 |     1 ||    17
Armor: Scale mail        |    52 |    66 |   175 |   729 |   915 |   267 |    14 ||  2218
Dodge: Dodged            |    25 |    61 |   167 |   641 |  1120 |   499 |    19 ||  2532
Block: Shield            |    57 |   103 |   214 |   923 |  1530 |   862 |    52 ||  3741

Vault maps used:
D:1:      mainiacjoe_arrival_reflecting_pool
D:2:      first_ration, minmay_tetromino_l2
D:3:      kb_forest_paths, marbit_many_paths, doesnt_xom_only_xom
D:5:      cheibrodos_quashed
D:6:      minmay_temple_entry_junction, serial_shops,
          nicolae_shop_overgrown_old_shop
D:7:      makhleb_blood_cavern_becter, lemuel_crystal_altar, serial_glass,
          glass_columns_a, glass_columns_a, serial_shops, shop
D:8:      fedhas_altar_1, due_lair_maze_entry_diamond,
          hangedman_little_slice_of_home, uniq_erica, uniq_psyche
D:9:      elyvilon_altar_3, serial_shops, shop_statue, minmay_crystal_water,
          roderic_batcave
D:10:     basic_altar, uniq_fannar
D:11:     serial_shops, nicolae_shop_waterfront
D:12:     erik_orc_4, portal_ice_cave_rime, lemuel_mausoleum_altar_kikubaaqudgha
D:13:     lemuel_bear_cage
D:14:     grunt_vaults_entry_tiered, hangedman_abyss_or_decor_stabs,
          uniq_frances, uniq_nessos
D:15:     grunt_enter_depths_snipers
Temple:   eino_temple_rhombus
Lair:1:   serial_bayou_lagoon_a
Lair:2:   minmay_snake_entry_guardpost_small, minmay_holes, uniq_nergalle
Lair:3:   beast_lair_carwin_large_1
Lair:4:   minmay_swamp_entry_worms, grunt_megastairs_2
Lair:5:   slime_dummy, worms_lemuel
Lair:6:   minmay_lair_end_enchanted_forest, grunt_megastairs_1,
          minmay_lair_oklob_chamber, infiniplex_staircase_pool_2
Swamp:1:  evilmike_swamp_ruin_house_3, uniq_aizul
Swamp:2:  evilmike_swamp_ruin_house_4, swamp_pool5, roderic_carrion_pond
Swamp:3:  nicolae_swamp_phyte_club, evilmike_swamp_ruin_rubble_2
Swamp:4:  swamp
Snake:1:  serial_shops, shop, evilmike_ambush, serial_bayou_shore_b,
          serial_bayou_shore_b, uniq_louise
Snake:2:  uniq_vashnia
Snake:3:  basic_altar, eino_curves_04, uniq_bai_suzhen
Snake:4:  grunt_snake_rune_pools, basic_stair_grate_trap
Orc:1:    minmay_orc_keep
Orc:2:    st_orc_ogre_mass, basic_altar, kennysheep_orc_chapel

Table legend:
 A = Turns spent in this place as a percentage of turns spent in the entire game.
 B = Non-inter-level travel turns spent in this place as a percentage of non-inter-level travel turns spent in the entire game.
 C = Inter-level travel turns spent in this place as a percentage of turns spent in this place.
 D = Turns resting spent in this place as a percentage of non-inter-level travel turns spent in this place.
 E = Turns spent auto-exploring this place as a percentage of non-inter-level travel turns spent in this place.
 F = Non-inter-level travel turns spent in this place divided by the number of levels of this place that you've seen.
                   A       B       C       D       E      F
               +-------+-------+-------+-------+-------+----------------------
         Total | 100.0 | 100.0 |   7.4 |   2.6 |  55.8 | 924.7
       Dungeon |  48.3 |  48.3 |   7.4 |   3.3 |  52.9 | 952.3
        Temple |   0.5 |   0.5 |   7.8 |   0.0 |  96.1 | 153.0
          Lair |  23.1 |  22.6 |   9.6 |   1.6 |  57.8 | 1112.5
         Swamp |  11.6 |  11.2 |  10.6 |   4.3 |  57.3 | 825.0
     Snake Pit |  11.9 |  12.6 |   2.0 |   1.0 |  65.9 | 931.8
  Orcish Mines |   4.6 |   4.9 |   1.8 |   0.0 |  42.3 | 725.0
               +-------+-------+-------+-------+-------+----------------------

Table legend:
 A = Kills in this place as a percentage of kills in entire the game.
 B = Kills by you in this place as a percentage of kills by you in the entire game.
 C = Kills by friends in this place as a percentage of kills by friends in the entire game.
 D = Other kills in this place as a percentage of other kills in the entire game.
 E = Experience gained in this place as a percentage of experience gained in the entire game.
 F = Experience gained in this place divided by the number of levels of this place that you have seen.
                   A       B       C       D       E      F
               +-------+-------+-------+-------+-------+----------------------
         Total | 100.0 | 100.0 |   N/A |   N/A | 100.0 | 10376.6
       Dungeon |  44.5 |  44.5 |   N/A |   N/A |  22.9 | 5066.1
          Lair |  18.2 |  18.2 |   N/A |   N/A |  15.6 | 8652.0
         Swamp |  11.8 |  11.8 |   N/A |   N/A |  18.1 | 15019.8
     Snake Pit |  14.4 |  14.4 |   N/A |   N/A |  33.2 | 27525.2
  Orcish Mines |  11.1 |  11.1 |   N/A |   N/A |  10.2 | 16984.5
               +-------+-------+-------+-------+-------+----------------------
